AoeStats
← Giantazio

Arena

508518318Analyzed
4v4 RM · 10d ago on Sep 22, 2026· 21m 11s· 8 players
Game mode
Random Map
Map size
Large (8 player)
Population
200
Speed
Normal
Resources
Standard
Victory
Conquest
Starting age
Dark Age
Ending age
Imperial Age
RankedLock teamsTeams togetherTeam positionsShared explorationLock speedFull tech treeHidden civsTurbo modeCheats
Victory
Defeat
🇮🇹 Persians · Italy
992
+12
🇮🇹 Celts · Italy
981
+12
🇮🇹 Mongols · Italy
968
+13
🇮🇹 Saracens · Italy
955
+13
🇷🇺 Khmer · Russia
913
-13
🇫🇷 Byzantines · France
902
-12
🇵🇪 Vikings · Peru
901
-13
🇨🇳 Franks · China
880
-12
JOY BOY
0:53 Loom
10:31 Feudal Age
15:28 Castle Age
13:56 Double-Bit Axe
15:04 Horse Collar
18:18 Stone Mining
18:18 Gold Mining
God emperor
1:05 Loom
12:27 Feudal Age
13:24 Horse Collar
13:51 Double-Bit Axe
18:29 Castle Age
19:25 Scale Mail Armor
20:12 Wheelbarrow
19:54 Bow Saw
Wst2
10:36 Feudal Age
13:58 Castle Age
12:19 Double-Bit Axe
12:17 Horse Collar
13:19 Loom
15:25 Bow Saw
15:18 Heavy Plow
20:49 Wheelbarrow
安仁
0:32 Loom
0:38 Loom
4:38 Loom
10:29 Feudal Age
15:46 Castle Age
14:10 Double-Bit Axe
17:32 Bow Saw
Mosto990
10:21 Feudal Age
11:56 Double-Bit Axe
14:16 Castle Age
13:18 Gold Mining
13:25 Loom
20:01 Fletching
fiordy90
10:52 Feudal Age
17:26 Castle Age
16:11 Double-Bit Axe
16:08 Horse Collar
18:50 Husbandry
21:20 Forging
Bipaccio
9:08 Loom
10:53 Feudal Age
15:45 Castle Age
15:54 Castle Age
13:53 Double-Bit Axe
15:24 Man-at-Arms
19:02 Scale Mail Armor
19:30 Long Swordsman
Giantazio
11:29 Feudal Age
15:12 Castle Age
13:20 Double-Bit Axe
19:56 Wheelbarrow
Connection lost

Rejoining the realm…

Still unreachable

The connection could not be restored.

Session expired

The server has moved on; the page needs a fresh start.